 Dungeon Crawl Stone Soup version 0.30-a0-618-gd6c86c23d0 (webtiles) character file.

Game seed: 18119306628338126330

16 NinjaNoafa the Chopper (level 2, -2/26 HPs)
             Began as a Hill Orc Fighter on Jan 9, 2023.
             Slain by a goblin
             ... wielding a +0 dagger of venom
              (3 damage)
             ... on level 1 of the Dungeon.
             The game lasted 00:01:44 (372 turns).

NinjaNoafa the Chopper (Hill Orc Fighter)            Turns: 372, Time: 00:01:45

Health: -2/26      AC:  9    Str: 18    XL:     2   Next: 54%
Magic:  2/2        EV:  6    Int:  8    God:
Gold:   21         SH:  4    Dex: 10    Spells: 1/1 levels left

rFire   . . .      SeeInvis .    a - +0 war axe
rCold   . . .      Faith    .    c - +0 buckler
rNeg    . . .      Spirit   .    f - +0 chain mail
rPois   .          Reflect  .    (no helmet)
rElec   .          Harm     .    (no cloak)
rCorr   .          Rampage  .    (no gloves)
Will    .....                    (no boots) Stlth
                                 (no amulet)
HPRegen 0.24/turn                (no ring)
MPRegen 0.08/turn                (no ring)

@: lethally poisoned (-2 -> -11)
A: no striking features
a: no special abilities


You were on level 1 of the Dungeon.
You visited 1 branch of the dungeon, and saw 1 of its levels.

You collected 21 gold pieces.

Inventory:

Hand Weapons
 a - a +0 war axe (weapon)
Armour
 c - a +0 buckler (worn)
 f - a +0 chain mail (worn)
Scrolls
 e - a scroll of silence {unknown}
Potions
 d - a potion of might


   Skills:
 - Level 3.6 Fighting
 + Level 4.1 Axes
 - Level 3.2 Armour
 - Level 3.2 Shields


You had one spell level left.
You didn't know any spells.
Your spell library was empty.

Dungeon Overview and Level Annotations

Branches:
Dungeon (1/15)

Altars:


Message History

The ball python hisses angrily.
A ball python is nearby!
A ball python is nearby!
The ball python bites you but does no damage.
The ball python grabs you. The ball python constricts you.
You slash the ball python!
You kill the ball python!
A goblin comes into view. It is wielding a +0 dagger of venom.
A goblin is nearby!
A goblin is nearby!
A goblin is nearby!
A rat comes into view.
The goblin hits you but does no damage. The goblin hits you but does no damage.
You are poisoned.
You hit the goblin but do no damage. You completely miss the rat.
You feel very sick.
The goblin hits you with a +0 dagger of venom.
You are more poisoned.
The rat bites you but does no damage.
You barely miss the goblin. You completely miss the rat.
You feel very sick. The goblin hits you but does no damage.
You are lethally poisoned!
The rat bites you but does no damage. You block the rat's attack.
The goblin hits you with a +0 dagger of venom.
You barely miss the goblin. You slash the rat!
You kill the rat!
You feel very sick. The goblin hits you but does no damage.
You are more poisoned.
You barely miss the goblin.
* * * LOW HITPOINT WARNING * * *
You feel very sick. The goblin completely misses you.
You closely miss the goblin.
* * * LOW HITPOINT WARNING * * *
You feel very sick.
The goblin hits you with a +0 dagger of venom.
You die...

##.......... #... .#
#.......#... #.#.#.#
#####...#...
##.#.#.########...#...
#........##......†#...
#........##......)#..[
#........##.......#...
#........##.......#...
##....@...##.......####
......†g...##.......#
.......#............#
.......#.........##.#
########.........##.#
#.........##.#
##.###....##.#
#......### ## ########


You could see a goblin.

Vanquished Creatures
  3 ball pythons (D:1)
  2 bats (D:1)
  4 endoplasms (D:1)
  A goblin (D:1)
  A quokka (D:1)
  A frilled lizard (D:1)
  2 kobolds (D:1)
  A rat (D:1)
15 creatures vanquished.

Vanquished Creatures (others)
  4 toadstools (D:1)
4 creatures vanquished.

Grand Total: 19 creatures vanquished

Notes
Turn   | Place    | Note
-------+----------+-------------------------------------------
     0 | D:1      | NinjaNoafa the Hill Orc Fighter began the quest for the
                  | Orb.
     0 | D:1      | Reached XP level 1. HP: 19/19 MP: 1/1
    60 | D:1      | Reached skill level 3 in Axes
   193 | D:1      | Reached XP level 2. HP: 26/26 MP: 2/2
   296 | D:1      | Reached skill level 4 in Axes
   372 | D:1      | HP: 1/26 [poisoned by a goblin]
   372 | D:1      | Slain by a goblin

Illustrated notes

Levels and vault maps discovered:
D:1:      ldierk_walled_garden_2, layout_basic, chequers_serial_rivers_small_3

Skill      XL: |  1  2 |
---------------+-------+-----
Axes           | 3 4 |  4.1
Fighting       | |  3.6
Armour         | |  3.2
Shields        | |  3.2

Action                   || total
-------------------------++-------
Melee: War axe           ||    56
Armor: Scale mail        ||    23
       Chain mail        ||    12
Dodge: Dodged            ||    23
Block: Buckler           ||     7

Table legend: (Time is in decaauts)
 A = Elapsed time spent in this place.
 B = Non-inter-level travel time spent in this place.
 C = Inter-level travel time spent in this place.
 D = Time resting spent in this place.
 E = Time spent auto-exploring this place.
 F = Levels seen in this place.
 G = Mean time per level.
                   A        B        C        D        E       F      G
               +--------+--------+--------+--------+--------+-----+--------+
         Total |    392 |    392 |      0 |      0 |    237 |   1 |  392.0 |
       Dungeon |    392 |    392 |      0 |      0 |    237 |   1 |  392.0 |
               +--------+--------+--------+--------+--------+-----+--------+

Top non-repeatable levels by time:
     D:1: 392 daAuts
